 Dungeon Crawl Stone Soup version 0.29.0-4-gdea44cf6ec (webtiles) character file.

Game seed: 16632350550449080222

3945 qw the Grappler (level 10, -10/96 HPs)
             Began as a Troll Cinder Acolyte on Sept 3, 2022.
             Was a Believer of Ignis.
             Mangled by a two-headed ogre
             ... wielding a +0 giant club
              (17 damage)
             ... on level 8 of the Dungeon.
             The game lasted 00:03:41 (6222 turns).

qw the Grappler (Troll Cinder Acolyte)              Turns: 6222, Time: 00:03:42

Health: -10/96     AC: 11    Str: 28    XL:     10   Next: 1%
Magic:  10/10      EV: 10    Int: 10    God:    Ignis [**....]
Gold:   427        SH:  0    Dex: 11    Spells: 11/11 levels left

rFire   + . .      SeeInvis .     - Unarmed
rCold   . . .      Faith    .   (no shield)
rNeg    . . .      Spirit   .   a - +0 robe
rPois   .          Reflect  .   (helmet restricted)
rElec   .          Harm     .   (no cloak)
rCorr   +          Rampage  .   (gloves unavailable)
Will    .....                   (boots unavailable)
Stlth   +.........              (no amulet)
HPRegen 1.06/turn               h - ring of resist corrosion
MPRegen 0.12/turn               d - +6 ring of dexterity

@: about to teleport, fiery-armoured
A: large, unfitting armour, claws 3, regeneration 1, shaggy fur 1, tough skin 1,
horns 1, sturdy frame 1
a: Renounce Religion, Fiery Armour, Foxfire Swarm, Rising Flame


You were on level 8 of the Dungeon.
You worshipped Ignis.
Ignis was pleased with you.
You visited 1 branch of the dungeon, and saw 8 of its levels.
You also visited: Ossuary.

You collected 427 gold pieces.


Innate Abilities, Weirdness & Mutations

You are too large for most types of armour.
You have claws for hands.
Your natural rate of healing is unusually fast.
You are covered in fur. (AC +1)
You have tough skin. (AC +1)
You have a pair of small horns on your head.
Your movements are slightly less encumbered by armour. (ER -2)


   Skills:
 - Level 5.2 Fighting
 + Level 2.4 Throwing
 - Level 2.8 Dodging
 - Level 12.7 Unarmed Combat
 - Level 1.0 Spellcasting
 - Level 2.1 Fire Magic


You had 11 spell levels left.
You didn't know any spells.
Your spell library contained the following spells:

 Spells                   Type           Power      Damage    Failure   Level
 Scorch                   Fire           8%         2d5       22%         2

Inventory:

Missiles
 g - a boomerang (quivered)
 q - 3 large rocks
Armour
 a - a +0 robe (worn)
 m - a scarf of resistance
Jewellery
 d - a +6 ring of dexterity (right claw)
 h - a ring of resist corrosion (left claw)
Scrolls
 b - 2 scrolls of teleportation
 c - 2 scrolls of enchant armour
 f - 4 scrolls of identify
Potions
 e - a potion of might
 i - a potion of brilliance {unknown}
 j - a potion of haste
 k - a potion of cancellation
 l - a potion of mutation
 n - a potion of berserk rage {unknown}
 p - a potion of attraction {unknown}

Dungeon Overview and Level Annotations

Branches:
Dungeon (8/15)             Temple (0/1) D:4         Ossuary (visited)
   Lair: D:8-11

Altars:
Nemelex Xobeh
Okawaru
Qazlal
Wu Jian
Zin
The Shining One

Shops:
D:4 *


Message History

Something hits you. The orc priest hits you with a +0 club.
Something hits you but does no damage.
You see here a +0 hand axe.
You barely miss the orc priest. You scratch the orc priest.
You headbutt the orc priest!
The orc priest is almost dead.
Something hits you. The orc priest closely misses you.
You mangle the orc priest!!
You kill the orc priest!
A two-headed ogre comes into view.
It is wielding a +0 giant club and a +0 giant spiked club.
Something hits you but does no damage. Something hits you.
You see here a +0 dagger.
Something hits you.
You see here a wyvern corpse.
The two-headed ogre barely misses you.
The two-headed ogre hits you with a +0 giant spiked club!
You mangle the two-headed ogre!! You claw the two-headed ogre!
The two-headed ogre is heavily wounded.
You hear some strange, mumbled words.
Something tries to affect you, but you resist.
You claw the two-headed ogre!
Your headbutt misses the two-headed ogre.
The two-headed ogre is severely wounded.
The two-headed ogre hits you with a +0 giant club!
The two-headed ogre hits you with a +0 giant spiked club!!
6220 ||| READING 3 scrolls of teleportation.
As you read the scroll of teleportation, it crumbles to dust.
You feel strangely unstable. Something hits you.
6221 ||| DRINKING potion of heal wounds.
You feel much better.
The two-headed ogre hits you with a +0 giant club!
The two-headed ogre hits you with a +0 giant spiked club!!
Something hits you.
6222 ||| INVOKING Fiery Armour.
A protective cloak of flame settles atop you.
Something hits you but does no damage.
The two-headed ogre hits you with a +0 giant club!
You die...

#####+### ..##....# #..
#....... ...8#....# #..
#......##.....##...# #.#
#.........._.. #...# #.#
#.....)## #..## #.#
#.#####...)# ....# #.#
#.......##)## #+#.# #..
##########.{## ####.#.#
##.
........@.###..#.#.#####.
.###.###.O##.#.#.#.......
..........#.#.#.#....#..
..#..#............#.#.#..
. #.......##.####.#.#.#.#
#........#.# #.#.#.#.#
#.......##.# #.#.#.#.#
############ #########


You could see a two-headed ogre.

Vanquished Creatures
  Pikel (D:7)
  A cyclops (D:8)
  A kobold demonologist (D:5)
  A wyvern (D:8)
  2 swamp worms (D:8)
  2 water moccasins
  An ice beast (D:8)
  3 centaurs (D:7)
  7 ogres
  2 lemures (D:7)
  A necrophage (D:7)
  4 scorpions
  A gnoll sergeant (D:7)
  A howler monkey (D:2)
  5 orc priests
  A hound (D:5)
  4 jellies
  3 iguanas
  9 orc wizards
  3 mummies (Ossuary)
  13 gnolls
  7 adders
  3 shadow imps
  2 white imps
  2 ufetubi
  2 adder zombies (Ossuary)
  A worm (D:2)
  25 orcs
  9 endoplasms
  2 giant cockroaches
  5 goblins
  9 hobgoblins
  3 jackals (D:2)
  4 quokkas
  8 ball pythons
  3 bats
  4 frilled lizards
  3 goblin zombies (Ossuary)
  4 hobgoblin zombies (Ossuary)
  7 kobolds
  An orc zombie (Ossuary)
  4 quokka zombies (Ossuary)
  4 rats
  4 rat zombies (Ossuary)
182 creatures vanquished.

Vanquished Creatures (others)
  3 plants (D:8)
3 creatures vanquished.

Grand Total: 185 creatures vanquished

Notes
Turn   | Place    | Note
-------+----------+-------------------------------------------
     0 | D:1      | qw the Troll Cinder Acolyte began the quest for the Orb.
     0 | D:1      | Reached XP level 1. HP: 22/22 MP: 1/1
     0 | D:1      | 0 ||| qw: Version: 0.1-a-102-g441f92d
     0 | D:1      | 0 ||| qw: Game counter: 5080
     0 | D:1      | 0 ||| qw: Always use a shield: true
     0 | D:1      | 0 ||| qw: God list: Okawaru
     0 | D:1      | 0 ||| qw: Allow faded altars: false
     0 | D:1      | 0 ||| qw: Do Orc after D:15 true
     0 | D:1      | 0 ||| qw: Do second Lair branch before Depths: true
     0 | D:1      | 0 ||| qw: Lair rune preference: random
     0 | D:1      | 0 ||| qw: Plans: Normal
     0 | D:1      | 0 ||| PLANNING D:1-11
   123 | D:1      | 123 ||| Stepping ~*~*~tactically~*~*~ (stealth).
   130 | D:1      | 130 ||| Stepping ~*~*~tactically~*~*~ (stealth).
   131 | D:1      | 131 ||| Stepping ~*~*~tactically~*~*~ (stealth).
   154 | D:1      | 154 ||| Stepping ~*~*~tactically~*~*~ (stealth).
   165 | D:1      | Reached XP level 2. HP: 29/29 MP: 2/2
   257 | D:1      | 257 ||| Stepping ~*~*~tactically~*~*~ (stealth).
   261 | D:1      | 261 ||| Stepping ~*~*~tactically~*~*~ (stealth).
   294 | D:1      | You fall into a shaft and drop 1 floor!
   376 | D:2      | 376 ||| Stepping ~*~*~tactically~*~*~ (stealth).
   410 | D:2      | Reached skill level 4 in Unarmed Combat
   420 | D:2      | 420 ||| READING scroll labelled XUXATIE MI GA XAL.
   426 | D:2      | 426 ||| Stepping ~*~*~tactically~*~*~ (outnumbered).
   427 | D:2      | 427 ||| Stepping ~*~*~tactically~*~*~ (outnumbered).
   428 | D:2      | 428 ||| Stepping ~*~*~tactically~*~*~ (outnumbered).
   438 | D:2      | 438 ||| READING scroll labelled ANTAFO OZYEFEX.
   453 | D:2      | 453 ||| READING 3 scrolls labelled OQES QUNANE.
   534 | D:2      | Reached XP level 3. HP: 36/36 MP: 3/3
   569 | D:2      | 569 ||| READING scroll labelled HEZAOC OWEFY.
   719 | D:1      | 719 ||| Stepping ~*~*~tactically~*~*~ (outnumbered).
   850 | D:1      | Found a faded altar of an unknown god.
   914 | D:2      | 914 ||| STAIRDANCE
  1094 | D:2      | Reached skill level 5 in Unarmed Combat
  1094 | D:2      | Reached XP level 4. HP: 42/44 MP: 4/4
  1205 | D:2      | Found a glowing golden altar of the Shining One.
  1324 | D:2      | 1324 ||| READING scroll labelled KESEDD CONA.
  1358 | D:3      | 1358 ||| PLANNING SEWER
  1385 | D:3      | 1385 ||| Stepping ~*~*~tactically~*~*~ (outnumbered).
  1386 | D:3      | 1386 ||| Stepping ~*~*~tactically~*~*~ (outnumbered).
  1387 | D:3      | 1387 ||| Stepping ~*~*~tactically~*~*~ (outnumbered).
  1388 | D:3      | 1388 ||| Stepping ~*~*~tactically~*~*~ (outnumbered).
  1390 | D:3      | 1390 ||| Stepping ~*~*~tactically~*~*~ (outnumbered).
  1392 | D:3      | 1392 ||| Stepping ~*~*~tactically~*~*~ (outnumbered).
  1404 | D:3      | Reached XP level 5. HP: 45/50 MP: 5/5
  1467 | D:3      | 1467 ||| Stepping ~*~*~tactically~*~*~ (outnumbered).
  1468 | D:3      | 1468 ||| Stepping ~*~*~tactically~*~*~ (outnumbered).
  1664 | D:3      | 1664 ||| Stepping ~*~*~tactically~*~*~ (stealth).
  1693 | D:3      | Reached skill level 6 in Unarmed Combat
  1852 | D:3      | 1852 ||| Stepping ~*~*~tactically~*~*~ (outnumbered).
  1853 | D:3      | 1853 ||| Stepping ~*~*~tactically~*~*~ (outnumbered).
  1964 | D:3      | 1964 ||| RIP SEWER
  1981 | D:3      | 1981 ||| PLANNING D:1-11
  1981 | D:3      | 1981 ||| UPGRADING to ring of resist corrosion.
  1982 | D:3      | 1982 ||| READING scroll labelled OTAOLI OTWU.
  2034 | D:4      | 2034 ||| PLANNING OSSUARY
  2051 | D:4      | Found a staircase to the Ecumenical Temple.
  2136 | D:4      | Found a sand-covered staircase.
  2172 | Ossuary  | Entered an ossuary
  2177 | Ossuary  | 2177 ||| Stepping ~*~*~tactically~*~*~ (outnumbered).
  2178 | Ossuary  | 2178 ||| Stepping ~*~*~tactically~*~*~ (outnumbered).
  2180 | Ossuary  | 2180 ||| Stepping ~*~*~tactically~*~*~ (outnumbered).
  2185 | Ossuary  | Reached XP level 6. HP: 33/59 MP: 6/6
  2187 | Ossuary  | 2187 ||| INVOKING Fiery Armour.
  2242 | Ossuary  | 2242 ||| Stepping ~*~*~tactically~*~*~ (outnumbered).
  2246 | Ossuary  | Reached skill level 7 in Unarmed Combat
  2303 | Ossuary  | 2303 ||| Stepping ~*~*~tactically~*~*~ (outnumbered).
  2473 | Ossuary  | 2473 ||| DRINKING 2 cyan potions.
  2474 | Ossuary  | 2474 ||| DRINKING 2 viscous brown potions.
  2474 | Ossuary  | Gained mutation: You have a pair of small horns on your
                  | head. [potion of mutation]
  2474 | Ossuary  | Gained mutation: Your movements are slightly less
                  | encumbered by armour. (ER -2) [potion of mutation]
  2475 | Ossuary  | 2475 ||| READING 6 scrolls of identify.
  2475 | Ossuary  | 2475 ||| IDENTIFYING puce potion
  2476 | Ossuary  | 2476 ||| READING 5 scrolls of identify.
  2476 | Ossuary  | 2476 ||| IDENTIFYING murky cyan potion
  2477 | Ossuary  | 2477 ||| READING 4 scrolls of identify.
  2477 | Ossuary  | 2477 ||| IDENTIFYING red potion
  2478 | Ossuary  | 2478 ||| READING 3 scrolls of identify.
  2478 | Ossuary  | 2478 ||| IDENTIFYING pink potion
  2479 | Ossuary  | 2479 ||| READING 2 scrolls of identify.
  2479 | Ossuary  | 2479 ||| IDENTIFYING grey potion
  2480 | Ossuary  | 2480 ||| DROPPING potion of lignification.
  2481 | Ossuary  | 2481 ||| DROPPING potion of flight.
  2488 | D:4      | 2488 ||| PLANNING D:1-11
  2551 | D:4      | Found Ocoir's Gadget Gallery.
  2603 | D:4      | 2603 ||| Stepping ~*~*~tactically~*~*~ (stealth).
  2604 | D:4      | 2604 ||| Stepping ~*~*~tactically~*~*~ (stealth).
  2605 | D:4      | 2605 ||| INVOKING Fiery Armour.
  2786 | D:5      | Entered Level 5 of the Dungeon
  2794 | D:5      | 2794 ||| INVOKING Fiery Armour.
  2795 | D:5      | HP: 5/59 [ogre/+0 giant spiked club (12)]
  2796 | D:5      | 2796 ||| READING 3 scrolls of teleportation.
  2797 | D:5      | 2797 ||| DRINKING potion of heal wounds.
  2798 | D:5      | 2798 ||| STAIRDANCE
  2804 | D:4      | 2804 ||| FLEEEEING.
  2808 | D:4      | 2808 ||| FLEEEEING.
  2810 | D:4      | 2810 ||| FLEEEEING.
  2812 | D:4      | 2812 ||| FLEEEEING.
  2813 | D:4      | 2813 ||| FLEEEEING.
  2814 | D:4      | 2814 ||| FLEEEEING.
  2815 | D:4      | 2815 ||| FLEEEEING.
  2816 | D:4      | 2816 ||| FLEEEEING.
  2817 | D:4      | 2817 ||| FLEEEEING.
  2818 | D:4      | 2818 ||| FLEEEEING.
  2883 | D:5      | Reached skill level 8 in Unarmed Combat
  2883 | D:5      | Reached XP level 7. HP: 66/66 MP: 7/7
  2997 | D:5      | Reached skill level 3 in Fighting
  3159 | D:5      | 3159 ||| Stepping ~*~*~tactically~*~*~ (stealth).
  3246 | D:5      | Reached skill level 9 in Unarmed Combat
  3400 | D:5      | Found an iron altar of Okawaru.
  3400 | D:5      | Found a stormy altar of Qazlal.
  3409 | D:5      | Noticed a kobold demonologist
  3419 | D:5      | Noticed an ice devil
  3421 | D:5      | 3421 ||| INVOKING Fiery Armour.
  3423 | D:5      | Noticed a sixfirhy
  3425 | D:5      | Killed a kobold demonologist
  3426 | D:5      | Reached XP level 8. HP: 27/75 MP: 8/8
  3779 | D:5      | 3779 ||| Stepping ~*~*~tactically~*~*~ (hiding).
  4017 | D:5      | 4017 ||| READING scroll labelled ANAUWY HOISI.
  4018 | D:5      | 4018 ||| READING scroll labelled NYXOGYHAIKA.
  4019 | D:5      | 4019 ||| READING scroll labelled UQAFIO ZOVEPA.
  4060 | D:6      | 4060 ||| Stepping ~*~*~tactically~*~*~ (hiding).
  4062 | D:6      | 4062 ||| Stepping ~*~*~tactically~*~*~ (hiding).
  4101 | D:6      | 4101 ||| INVOKING Fiery Armour.
  4104 | D:6      | 4104 ||| FLEEEEING.
  4105 | D:6      | 4105 ||| FLEEEEING.
  4106 | D:6      | 4106 ||| FLEEEEING.
  4110 | D:6      | 4110 ||| FLEEEEING.
  4111 | D:6      | 4111 ||| FLEEEEING.
  4119 | D:6      | Reached skill level 10 in Unarmed Combat
  4136 | D:6      | 4136 ||| Stepping ~*~*~tactically~*~*~ (stealth).
  4139 | D:6      | Found a sparkling altar of Nemelex Xobeh.
  4187 | D:6      | 4187 ||| Stepping ~*~*~tactically~*~*~ (stealth).
  4696 | D:6      | 4696 ||| READING scroll labelled FOEDWILEYF.
  4697 | D:6      | 4697 ||| READING scroll labelled JABUQEBL BAYH.
  4821 | D:7      | Noticed Pikel
  4822 | D:7      | 4822 ||| INVOKING Fiery Armour.
  4825 | D:7      | 4825 ||| Stepping ~*~*~tactically~*~*~ (outnumbered).
  4842 | D:7      | Killed Pikel
  4843 | D:7      | Reached skill level 11 in Unarmed Combat
  4843 | D:7      | Reached XP level 9. HP: 30/84 MP: 9/9
  4938 | D:7      | 4938 ||| Stepping ~*~*~tactically~*~*~ (stealth).
  4944 | D:7      | 4944 ||| Stepping ~*~*~tactically~*~*~ (stealth).
  5034 | D:7      | 5034 ||| Stepping ~*~*~tactically~*~*~ (hiding).
  5038 | D:7      | 5038 ||| Stepping ~*~*~tactically~*~*~ (hiding).
  5039 | D:7      | 5039 ||| Stepping ~*~*~tactically~*~*~ (hiding).
  5078 | D:7      | 5078 ||| FLEEEEING.
  5079 | D:7      | 5079 ||| FLEEEEING.
  5256 | D:7      | 5256 ||| Stepping ~*~*~tactically~*~*~ (stealth).
  5271 | D:7      | Reached skill level 1 in Throwing
  5610 | D:7      | Reached skill level 12 in Unarmed Combat
  5676 | D:7      | 5676 ||| INVOKING Fiery Armour.
  5813 | D:7      | 5813 ||| UPGRADING to +6 ring of dexterity.
  5814 | D:7      | 5814 ||| DROPPING ring of wizardry.
  5815 | D:7      | 5815 ||| READING scroll labelled HINONI LELI.
  5816 | D:7      | 5816 ||| READING scroll labelled AWIS VONEPP.
  5817 | D:7      | 5817 ||| DRINKING 2 viscous emerald potions.
  5818 | D:7      | 5818 ||| READING 2 scrolls of teleportation.
  5968 | D:8      | 5968 ||| INVOKING Fiery Armour.
  6054 | D:8      | 6054 ||| Stepping ~*~*~tactically~*~*~ (stealth).
  6059 | D:8      | 6059 ||| DRINKING potion of curing.
  6059 | D:8      | 6059 ||| (to cure confusion)
  6072 | D:8      | Found a glowing silver altar of Zin.
  6081 | D:8      | Noticed a cyclops
  6094 | D:8      | Killed a cyclops
  6183 | D:8      | Found an ornate altar of the Wu Jian Council.
  6199 | D:8      | 6199 ||| Stepping ~*~*~tactically~*~*~ (hiding).
  6209 | D:8      | Reached XP level 10. HP: 73/96 MP: 10/10
  6214 | D:8      | Noticed a two-headed ogre
  6219 | D:8      | HP: 24/96 [two-headed ogre/+0 giant club (24)]
  6220 | D:8      | 6220 ||| READING 3 scrolls of teleportation.
  6221 | D:8      | 6221 ||| DRINKING potion of heal wounds.
  6221 | D:8      | HP: 9/96 [two-headed ogre/+0 giant club (18)]
  6222 | D:8      | 6222 ||| INVOKING Fiery Armour.
  6222 | D:8      | Mangled by a two-headed ogre

Levels and vault maps discovered:
D:1:      minmay_arrival_three_doors, layout_loops_cross,
          ebering_ecumenical_altar_webs
D:2:      layout_basic, basic_altar
D:3:      layout_loops_ring, portal_sewer_entry_d
D:4:      layout_rooms, minmay_temple_entry_tees,
          nicolae_ossuary_entry_monument, nicolae_shop_gadgets
D:5:      layout_loops_ring, gammafunk_temple_overflow_wave,
          serial_co_window_serial, co_window_cross_1, co_window_corner_a,
          co_window_of_opportunity_a, co_window_paths_a, co_window_paths_a,
          co_window_paths_a, co_window_unsneaky_path_e, co_window_broadway_a,
          co_window_broadway_b, co_window_corner_cb, co_window_unsneaky_path_b
D:6:      layout_basic, nemelex_xobeh_ov_fountains_minmay, minivault_11
D:7:      layout_basic, uniq_pikel
D:8:      layout_basic, zin_academy, nzn_wu_jian_council_hall, erik_lair_dragon,
          moated_statue, worms_lemuel

Skill      XL: |  1  2  3  4  5  6  7  8  9 |
---------------+----------------------------+-----
Unarmed Combat | 4 5 6 8 9 11 12 | 12.7
Fighting       | 3 4 5 |  5.2
Dodging        | 2 |  2.8
Throwing       | 2 |  2.4
Spellcasting   | |  1.0
Fire Magic     | |  2.1

Action                   |  1- 3 |  4- 6 |  7- 9 | 10-12 || total
-------------------------+-------+-------+-------+-------++-------
Melee: Unarmed           |   111 |   163 |   192 |     7 ||   473
       Punch             |       |     5 |    13 |     1 ||    19
       Headbutt          |       |     2 |    27 |     1 ||    30
Throw: Boomerang         |       |       |    14 |       ||    14
Invok: Fiery Armour      |       |     3 |     5 |     1 ||     9
  Use: Scroll            |     4 |     8 |     8 |     1 ||    21
       Potion            |       |     3 |     2 |     1 ||     6
Armor: Robe              |    37 |    46 |    47 |     3 ||   133
Dodge: Dodged            |    55 |    51 |    63 |     2 ||   171

Table legend:
 A = Non-vault XP
 B = Vault XP
 C = Vault XP percentage of total XP
 D = Non-vault monster count
 E = Vault monster count
 F = Vault count percentage of total count
                 A         B        C        D         E       F
            +---------+---------+-------+---------+---------+-------
      Total |    4350 |    1286 |  22.8 |     154 |      26 |  14.4
            +---------+---------+-------+---------+---------+-------
        D:1 |      47 |       0 |   0.0 |      21 |       0 |   0.0
        D:2 |     111 |       0 |   0.0 |      24 |       0 |   0.0
        D:3 |      77 |      14 |  15.4 |      17 |       1 |   5.6
        D:4 |     379 |       0 |   0.0 |      15 |       0 |   0.0
        D:5 |    1076 |       0 |   0.0 |      17 |       0 |   0.0
        D:6 |     767 |       0 |   0.0 |      12 |       0 |   0.0
        D:7 |    1101 |     651 |  37.2 |      38 |       1 |   2.6
        D:8 |     792 |     540 |  40.5 |      10 |       3 |  23.1
    Ossuary |       0 |      81 | 100.0 |       0 |      21 | 100.0
            +---------+---------+-------+---------+---------+-------
